AoeStats
← luciano.collari

Nomad

509982142Analyzed
2v2 RM · 4d ago on Sep 28, 2026· 39m 16s· 4 players
Game mode
Random Map
Map size
176×176
Population
200
Speed
Normal
Resources
Standard
Victory
Conquest
Starting age
Dark Age
Ending age
Imperial Age
RankedLock teamsTeams togetherTeam positionsShared explorationLock speedFull tech treeHidden civsTurbo modeCheats
Victory
Defeat
🇧🇪 Goths · Belgium
1295
+17
🇫🇷 Franks · France
1291
+17
🇨🇱 Berbers · Chile
1320
-17
🇦🇷 Italians · Argentina
1314
-17
Sun
3:43 Loom
13:31 Feudal Age
17:48 Castle Age
20:52 Fletching
26:57 Bodkin Arrow
30:18 Scale Mail Armor
32:20 Stone Mining
35:57 Chain Mail Armor
35:53 Forging
38:43 Iron Casting
IneedMoney$
5:36 Loom
13:24 Feudal Age
14:16 Man-at-Arms
19:00 Wheelbarrow
18:30 Double-Bit Axe
24:24 Castle Age
23:23 Fletching
23:34 Padded Archer Armor
23:27 Gold Mining
24:12 Scale Barding Armor
24:18 Forging
26:11 Bodkin Arrow
26:01 Elite Skirmisher
32:54 Hand Cart
37:02 Bow Saw
37:28 Gold Shaft Mining
36:56 Scale Mail Armor
37:07 Pikeman
37:49 Squires
37:34 Arson
38:12 Chain Mail Armor
luciano.collari
6:07 Loom
14:12 Feudal Age
18:58 Castle Age
25:33 Fletching
29:16 Scale Barding Armor
29:21 Forging
30:06 Bloodlines
32:22 Chain Barding Armor
34:04 Bloodlines
[Ks]LucasDK
3:12 Loom
12:14 Feudal Age
19:50 Castle Age
18:58 Fletching
26:25 Double-Bit Axe
26:48 Bodkin Arrow
26:53 Padded Archer Armor
36:40 Imperial Age
36:11 Leather Archer Armor
38:23 Gold Mining
Connection lost

Rejoining the realm…

Still unreachable

The connection could not be restored.

Session expired

The server has moved on; the page needs a fresh start.